 Dungeon Sprint DCSS version 0.28.0-49-g6dfe1f597d (webtiles) character file.

Game seed: 9880116748605218447

25 Revguard the Skirmisher (level 3, -4/24 HPs)
             Began as a Gargoyle Fighter on May 12, 2022.
             Slain by an ogre
             ... wielding a +0 giant club
              (28 damage)
             ... in the Dungeon (Sprint I: "Red Sonja").
             The game lasted 00:00:47 (158 turns).

Revguard the Skirmisher (Gargoyle Fighter)           Turns: 158, Time: 00:00:47

Health: -4/24      AC: 10    Str: 19    XL:     3   Next: 4%
Magic:  4/4        EV:  9    Int:  8    God:
Gold:   0          SH:  5    Dex: 11    Spells: 2/2 levels left

rFire   . . .      SeeInvis .   a - +0 flail
rCold   . . .      Faith    .   c - +0 buckler
rNeg    + . .      Spirit   .   b - +0 scale mail
rPois   ∞          Reflect  .   (no helmet)
rElec   +          Harm     .   (no cloak)
rCorr   .          Rampage  .   (no gloves)
Will    .....      NoTele   +   (no boots)
Stlth   ..........              (no amulet)
HPRegen 0.08/turn               (no ring)
MPRegen 0.09/turn               (no ring)

@: no status effects
A: sickness immunity, AC +3, negative energy resistance 1, electricity
resistance, torment resistance 1, petrification resistance
a: no special abilities


You were in the Dungeon.
You visited 1 branch

Inventory:

Hand Weapons
 a - a +0 flail (weapon)
Armour
 b - a +0 scale mail (worn)
 c - a +0 buckler (worn)
Wands
 k - a wand of flame (16)
Scrolls
 j - a scroll of blinking
Potions
 d - a potion of might
 e - a potion of curing
 f - a potion of heal wounds
 g - a potion of haste
 h - 2 potions of magic
 i - a potion of berserk rage
 l - a potion of degeneration {unknown}


   Skills:
 * Level 4.4 Fighting
 + Level 2.6 Maces & Flails
 + Level 3.8 Armour
 + Level 1.2 Dodging
 * Level 4.4 Shields
 + Level 1.7 Invocations
 + Level 1.3 Evocations


You had 2 spell levels left.
You didn't know any spells.
Your spell library was empty.

Dungeon Overview and Level Annotations

Branches:
Dungeon (1/1)

Altars:


Innate Abilities, Weirdness & Mutations

You are immune to sickness and miasma.
Your stone body is resilient. (AC +3)
You are immune to poison.
You resist negative energy. (rN+)
You are resistant to electric shocks. (rElec)
You are resistant to unholy torment.
You are immune to petrification.


Message History

Your Fighting skill increases to level 4!
Your Dodging skill increases to level 1!
Your Shields skill increases to level 4!
Your Invocations skill increases to level 1!
Your Evocations skill increases to level 1!
You have reached level 2!
You have reached level 3!
Your experience leads to an increase in your attributes!
Increase (S)trength, (I)ntelligence, or (D)exterity?
You feel agile. x2
k - a wand of flame (17);
l - a fizzy coppery potion
Things that are here:
a +0 club; a +0 leather armour; the goblin corpse of Ijyb
There is an open door here.
You close the door.
You start resting.
Magic restored.
You start resting.
HP restored.
You open the door.
There is an open door here.
You open the door.
An ogre comes into view. It is wielding a +0 giant club.
The ogre shouts!
Aiming: Throw Flame
Press: ? - help, Shift-Dir - straight line, f - ogre
Aim: an ogre, wielding a +0 giant club (85% to hit)
The puff of flame hits the ogre!
The ogre is moderately wounded.
You sock the ogre!
The ogre is severely wounded.
The ogre barely misses you.
You hit the ogre.
The ogre is almost dead.
The ogre hits you but does no damage.
You barely miss the ogre.
The ogre is almost dead.
The ogre hits you with a +0 giant club!!
Ouch! That really hurt!
You die...

##########
#<.#.@O..#
#..').#..+
#..#### +#
#..# #..#
#..# #⌠⌠#
####


You could see an ogre.

Vanquished Creatures
  Ijyb (D)
1 creature vanquished.

Notes
Turn   | Place    | Note
-------+----------+-------------------------------------------
     0 | D        | Revguard the Gargoyle Fighter began the quest for the Orb.
     0 | D        | Reached XP level 1. HP: 14/14 MP: 1/1
     2 | D        | Noticed Ijyb
     7 | D        | Killed Ijyb
     8 | D        | Reached skill level 1 in Dodging
     8 | D        | Reached skill level 1 in Invocations
     8 | D        | Reached skill level 1 in Evocations
     8 | D        | Reached XP level 2. HP: 10/20 MP: 1/3
     8 | D        | Reached XP level 3. HP: 12/24 MP: 1/4
   154 | D        | Noticed an ogre
   158 | D        | Slain by an ogre

Illustrated notes

Levels and vault maps discovered:
D:        dungeon_sprint_1 [red_sonja_temple_1, red_sonja_temple_small_1]

Skill      XL: |  1 |
---------------+----+-----
Fighting       | 4 |  4.4
Dodging        | 1 |  1.2
Shields        | 4 |  4.4
Invocations    | 1 |  1.7
Evocations     | 1 |  1.3
Maces & Flails | |  2.6
Armour         | |  3.8

Action                   || total
-------------------------++-------
Melee: Flail             ||     8
Evoke: Wand              ||     1
Armor: Scale mail        ||     1
Dodge: Dodged            ||     3
